Map: Winter Madness LE

Players

Fjant - Winner!

  • Race: Zerg Zerg
  • League: Grandmaster
  • Spawn Location: 11:00

Harstem

  • Race: Protoss Protoss
  • League: Grandmaster
  • Spawn Location: 5:00

VOD

Have the link to the VOD?

Description

Time

  • Played on: Jan. 31, 2026, 10:32 a.m.
  • Length: 10:17
Show
View Real Time Build Order
Export as new Build Order

Fjant Zerg - Winner!

Build Orders: Hatch First 

Get SALT Encoding   

  12  0:00  Drone  
  13  0:07  Drone  
  14  0:15  Extractor, Drone  
  15  0:21  Overlord  
  15  0:42  Drone  
  16  0:45  Hatchery  
  16  0:49  Drone  
  16  0:52  Drone  
  16  0:56  Drone  
  18  1:06  Extractor  
  18  1:11  Spawning Pool  
  16  1:14  Drone  
  16  1:17  Drone  
  18  1:26  Drone  
  19  1:39  Drone  
  20  1:50  Drone  
  21  2:00  Zergling x2, Queen x2  
  26  2:03  Overlord  
  26  2:11  Drone, Metabolic Boost  
  27  2:17  Drone  
  27  2:22  Drone x2  
  30  2:34  Hatchery  
  29  2:40  Drone  
  29  2:41  Drone  
  29  2:42  Overlord  
  31  2:45  Drone  
  31  2:50  Overlord  
  32  3:00  Queen  
  32  3:01  Drone x2  
  35  3:10  Drone x5  
  35  3:12  Zergling x2  
  41  3:17  Overlord  
  41  3:22  Queen  
  43  3:27  Zergling x2  
  44  3:36  Queen  
  46  3:42  Drone x3  
  46  3:43  Zergling x4  
  46  3:46  Drone x2  
  46  3:48  Overlord  
  53  3:50  Drone  
  54  3:56  Drone x2  
  54  4:02  Drone  
  56  4:06  Drone x2  
  56  4:07  Overlord  
  58  4:11  Spore Crawler, Drone  
  58  4:12  Drone  
  58  4:13  Drone x4  
  58  4:14  Spore Crawler  
  62  4:18  Spore Crawler, Drone  
  62  4:19  Drone  
  62  4:20  Evolution Chamber  
  62  4:21  Extractor  
  63  4:26  Drone  
  65  4:31  Spore Crawler, Zergling x6  
  65  4:34  Lair  
  65  4:37  Roach Warren  
  66  4:40  Zergling x4  
  68  4:47  Drone  
  68  4:48  Hatchery  
  68  4:52  Drone x3, Extractor  
  71  4:53  Extractor  
  71  4:56  Drone x2  
  71  4:59  Overlord x2  
  71  5:02  Drone  
  71  5:06  Drone x2  
  74  5:18  Extractor  
  74  5:19  Drone x7  
  80  5:24  Roach x4  
  80  5:25  Overlord  
  80  5:28  Roach  
  90  5:31  Overlord  
  90  5:34  Glial Reconstitution  
  90  5:36  Evolution Chamber  
  90  5:39  Extractor  
  86  5:45  Drone x3  
  86  5:46  Extractor, Drone  
  86  5:48  Drone x3  
  92  5:52  Roach x3  
  92  5:57  Roach  
  100  6:04  Zerg Missile Weapons Level 1  
  100  6:05  Roach x6  
  100  6:09  Overlord  
  112  6:12  Overlord  
  112  6:13  Overlord  
  112  6:17  Spire  
  111  6:27  Queen  
  111  6:29  Spore Crawler  
  111  6:30  Zergling x16  
  111  6:31  Drone x5  
  125  6:37  Overlord  
  122  6:40  Overlord  
  122  6:44  Drone x2  
  122  6:53  Zergling x2  
  122  6:54  Zergling x12  
  129  6:57  Drone x2  
  129  7:01  Drone x3, Queen  
  132  7:04  Drone x2  
  132  7:05  Drone  
  135  7:11  Drone  
  135  7:12  Overlord  
  131  7:16  Drone  
  131  7:17  Drone  
  131  7:18  Drone x2  
  126  7:26  Overlord  
  126  7:28  Drone x2  
  105  7:30  Ravager  
  105  7:33  Extractor  
  105  7:34  Extractor  
  105  7:36  Roach  
  105  7:37  Roach x2  
  102  7:44  Hatchery  
  102  7:47  Corruptor  
  102  7:48  Corruptor x4  
  102  7:50  Roach  
  110  7:54  Roach  
  110  7:55  Roach, Spore Crawler  
  113  8:05  Roach x4  
  121  8:06  Corruptor x4  
  121  8:07  Hatchery  
  128  8:13  Roach x2  
  128  8:14  Roach  
  134  8:20  Roach x4  
  134  8:25  Roach x3  
  148  8:31  Roach x3, Ravager x3  
  148  8:32  Ravager  
  158  8:35  Roach x2  
  158  8:37  Ravager x3  
  158  8:38  Zergling x4  
  167  8:42  Zergling x2  
  167  8:43  Overlord  
  167  8:44  Overlord x2  
  168  8:53  Overlord x2  
  168  8:58  Overlord  
  168  8:59  Roach  
  168  9:00  Roach x2  
  174  9:03  Zergling x12  
  180  9:11  Corruptor x4  
  186  9:18  Ravager  
  186  9:19  Ravager x6, Corruptor  
  186  9:21  Zergling x6  
  184  9:42  Corruptor x5  
  186  9:51  Zergling x26  
  198  9:57  Zergling x2  
Show
View Real Time Build Order
Export as new Build Order

Harstem Protoss 

Build Orders: 1 Gate Expand, Oracle Opening 

Get SALT Encoding   

  12  0:00  Probe  
  13  0:12  Probe  
  14  0:19  Pylon  
  14  0:24  Probe  
  15  0:33  Probe  
  15  0:38  Gateway  
  15  0:41  Probe  
  16  0:46  Assimilator  
  17  0:52  Probe  
  19  1:04  Probe  
  19  1:16  Probe  
  20  1:24  Nexus  
  20  1:35  Cybernetics Core  
  20  1:36  Probe  
  21  1:43  Assimilator  
  21  1:48  Probe  
  21  1:51  Pylon  
  22  2:00  Stalker, Probe  
  23  2:12  Probe  
  26  2:23  Stargate  
  26  2:24  Probe  
  26  2:29  Adept  
  27  2:33  Probe  
  27  2:36  Probe  
  31  2:37  Warp Gate  
  31  2:41  Probe  
  31  2:49  Probe  
  31  2:50  Probe  
  33  2:58  Oracle  
  34  3:01  Probe  
  34  3:03  Probe  
  39  3:13  Probe  
  39  3:15  Probe  
  41  3:21  Nexus  
  41  3:25  Probe  
  41  3:26  Pylon  
  42  3:28  Probe  
  43  3:36  Gateway  
  43  3:37  Probe  
  44  3:41  Probe  
  44  3:42  Assimilator  
  44  3:44  Assimilator  
  44  3:46  Probe  
  45  3:50  Probe  
  47  3:55  Probe  
  47  3:58  Probe, Fleet Beacon  
  49  4:05  Probe  
  50  4:10  Stargate  
  50  4:12  Probe  
  50  4:15  Pylon  
  51  4:17  Probe  
  52  4:24  Probe  
  52  4:27  Pylon  
  52  4:29  Probe  
  52  4:31  Tempest  
  54  4:33  Adept  
  54  4:34  Adept  
  54  4:35  Probe  
  54  4:36  Probe  
  60  4:41  Probe  
  65  4:48  Shield Battery  
  65  4:49  Probe  
  67  4:53  Probe  
  67  4:56  Tempest  
  67  4:58  Probe  
  67  4:59  Tempest  
  72  5:01  Probe  
  72  5:03  Pylon  
  72  5:05  Probe  
  74  5:10  Probe  
  74  5:14  Probe  
  76  5:17  Probe  
  81  5:21  Pylon  
  81  5:26  Probe  
  83  5:29  Assimilator, Probe  
  83  5:31  Forge  
  83  5:32  Twilight Council, Assimilator  
  83  5:33  Probe  
  83  5:38  Probe, Tempest  
  83  5:42  Tempest  
  88  5:44  Probe  
  88  5:47  Probe  
  94  5:52  Probe  
  94  5:57  Gateway  
  95  5:58  Gateway, Probe  
  96  6:06  Probe, Protoss Ground Weapons Level 1  
  96  6:08  Charge  
  97  6:11  Pylon  
  97  6:14  Probe  
  97  6:15  Gateway  
  98  6:23  Probe  
  99  6:27  Gateway  
  99  6:28  Gateway  
  99  6:31  Templar Archives  
  103  6:34  Void Ray  
  103  6:45  Probe  
  104  6:47  Probe  
  104  6:48  Gateway  
  104  6:50  Gateway, Zealot x2  
  104  6:51  Photon Cannon  
  105  6:57  Pylon  
  105  6:59  Void Ray  
  100  7:03  Probe  
  100  7:04  Probe  
  100  7:05  Zealot x2  
  100  7:08  Probe  
  91  7:12  Zealot  
  91  7:14  Probe  
  88  7:16  Probe  
  88  7:20  Probe  
  88  7:22  Zealot, Probe  
  72  7:28  Probe  
  66  7:30  Probe  
  66  7:32  Probe  
  65  7:41  Probe  
  65  7:42  Probe  
  67  7:44  Probe  
  68  7:53  Probe x2  
  68  7:55  High Templar x2  
  68  7:56  Probe  
  75  7:59  High Templar  
  75  8:00  High Templar, Archon  
  75  8:01  Probe  
  75  8:05  Probe  
  81  8:08  Archon, Probe  
  81  8:09  Probe  
  82  8:15  Pylon  
  82  8:17  Probe  
  84  8:20  Probe x2  
  84  8:25  High Templar x2  
  90  8:29  Probe  
  90  8:30  Archon  
  90  8:32  Probe x2  
  90  8:33  High Templar x2  
  97  8:41  Probe x2  
  97  8:43  Archon  
  97  8:44  Probe  
  100  8:49  Probe  
  100  8:53  Probe  
  102  8:55  High Templar x2  
  102  8:56  Probe  
  102  8:59  Probe  
  102  9:01  Archon  
  102  9:02  Pylon  
  108  9:05  Probe  
  108  9:06  Pylon  
  108  9:08  Probe  
  110  9:11  Probe  
  110  9:15  Shield Battery  
  111  9:17  Probe  
  111  9:21  Probe  
  111  9:23  Probe  
  114  9:29  Zealot x3  
  116  9:44  Zealot  
  84  9:52  Zealot x7  
  81  9:53  Probe  
  81  9:59  Probe  
  70  10:05  Probe  
Tags
 
Add a new tag
Caveats
  • Supply blocks, unpowered buildings, or Contaminate may cause inaccurate times.
  • Supply counts are checked every 10 seconds.